 Dungeon Crawl Stone Soup version 0.31-a0-920-g28cbb04a8c (webtiles) character file.

Game seed: 8673545696672031611

653 ytrimaz the Insei (level 7, -4/43 HPs)
             Began as an Octopode Shapeshifter on Oct 17, 2023.
             Slain by a sky beast (6 damage)
             ... on level 5 of the Dungeon.
             The game lasted 00:03:04 (3205 turns).

ytrimaz the Insei (Octopode Shapeshifter)           Turns: 3205, Time: 00:03:04

Health: -4/43      AC:  1    Str: 13    XL:     7   Next: 54%
Magic:  7/7        EV: 13    Int: 13    God:
Gold:   219        SH:  0    Dex: 13    Spells: 6/6 levels left

rFire   . .          .
                       - Unarmed
rCold   + . .        (no shield)
rNeg    . . .        (helmet currently unavailable)
rPois   .            u - amulet of the acrobat
rElec   .            n - ring of protection from cold
rCorr   .            (no ring)
SInv    .            (no ring)
Will    .....        (no ring)
Stlth   ++++         (no ring)
HPRegen 0.27/turn    (no ring)
MPRegen 0.10/turn    (no ring)
                     (no ring)

%: acrobat
@: beast-form
A: beast (slay +3), almost no armour, amphibious, 8 rings, camouflage 1,
gelatinous body 1, (nimble swimmer 1), tentacles
a: Begin Untransformation


You were on level 5 of the Dungeon.
You were a hulking beast.
You visited 1 branch of the dungeon, and saw 5 of its levels.

You collected 219 gold pieces.


Innate Abilities, Weirdness & Mutations

You are a hulking beast.
Your limbs bulge with bestial killing power. (Slay +3)
You cannot wear most types of armour.
You are amphibious.
You can wear up to eight rings at the same time.
Your skin changes colour to match your surroundings (Stealth+).
Your rubbery body absorbs attacks. (AC +1, EV +1)
((You are camouflaged when in or above water. (Stealth+)))
You have tentacles for arms and can constrict up to eight enemies at once.


   Skills:
 - Level 1.0 Fighting
 - Level 2.0 Dodging
 + Level 5.4 Stealth
 * Level 5.7 Unarmed Combat
 * Level 5.3 Shapeshifting


You had 6 spell levels left.
You didn't know any spells.
Your spell library contained the following spells:

 Spells                   Type           Power      Damage    Failure   Level
 Cigotuvi's Dreadful Rot  Necr/Pois/Air  0%         N/A       43%         2
 Ignite Poison            Fire/Tmut/Pois 0%         N/A       67%         3
 Sticky Flame             Conj/Fire      0%         2d3       97%         4
 Freezing Cloud           Conj/Ice/Air   0%         6-21      100%        5
 Ignition                 Fire           0%         3d3       100%        8

Inventory:

Jewellery
 n - a ring of protection from cold (left tentacle)
   (You found it on level 2 of the Dungeon)
 u - an amulet of the acrobat (around mantle)
   (You found it on level 4 of the Dungeon)
Talismans
 b - a beast talisman (active)
 c - a flux talisman
Wands
 o - a wand of polymorph (8)
   (You found it on level 2 of the Dungeon)
Scrolls
 e - 8 scrolls of identify {unknown}
 g - 2 scrolls of fog {unknown}
 i - 2 scrolls of enchant armour {unknown}
 j - 2 scrolls of torment {unknown}
 k - a scroll of silence {unknown}
 p - a scroll of revelation {unknown}
 t - a scroll of teleportation {unknown}
Potions
 a - a potion of lignification
 d - a potion of brilliance {unknown}
 f - 5 potions of heal wounds {unknown}
 h - 4 potions of curing {unknown}
 l - 2 potions of attraction {unknown}
 m - a potion of resistance {unknown}
 q - a potion of enlightenment {unknown}
 r - a potion of degeneration {unknown}
 s - 2 potions of mutation {unknown}
 v - a potion of might {unknown}

Dungeon Overview and Level Annotations

Branches:
Dungeon (5/15) Zot: 26792
 Temple: D:4-7

Altars:

###### #....#
#....# #....#
#....#####
w#####.....{h.#
..........###+##
.........##.....
.........##.....
........).......
..##.......######
..##.#####.##
............######
.#...<...........


There were no monsters in sight!


Message History

Key pressed, stopping explore.
Unknown command. 😕 HP[+3]
You regained 3 hp, and now have 34/43 hp.
You are no longer corroded.
You hear the slow rusting of a very distant drain.
Things that are here:
a +0 dagger; a +0 leather armour; an orc corpse Key pressed, stopping explore.
You now have 213 gold pieces (gained 19).
f - 5 bubbling black potions (gained 2)
An orc comes into view. It is wielding a +0 flail. 😎 HP[+9]
Your hp is fully restored (43).
An orc is nearby!
An orc is nearby!
An orc is nearby!
Unknown command.
Found a stone staircase leading up.
You hear the slow rusting of a distant drain.
The helpless orc fails to defend itself.
You bludgeon the orc!
You kill the orc!
No target in view!
Found an escape hatch in the ceiling.
Things that are here:
a +0 flail; a +0 leather armour Unknown command.
You now have 219 gold pieces (gained 6).
Things that are here:
a +0 flail; a +0 leather armour You pick up an Everburning Encyclopedia and begin reading...
You add the spells Sticky Flame and Ignition to your library.
A sky beast comes into view.
The sky beast flickers out of sight!
Deactivating autopickup; reactivate with Ctrl-A.
You see here a +0 war axe.
Something closely misses you.
You see here a bubbling coppery potion.
No target in view!
No target in view!
Unknown command.
Unknown command.
Something barely misses you. Something misses you.
You see here a bubbling coppery potion.
A dart slug comes into view.
You see here a bubbling coppery potion.
v - a bubbling coppery potion Something barely misses you.
You miss something. Your squeeze misses something.
A sky beast appears from thin air!
Reactivating autopickup.
The sky beast hits you but does no damage.
You closely miss the sky beast. The sky beast closely misses you.
You closely miss the sky beast. The sky beast hits you.
The sky beast shocks you. 😕 HP[-7]
You take 7 damage, and now have 36/43 hp.
You tentacle-slap the sky beast. You squeeze the sky beast.
The sky beast hits you. The sky beast shocks you. 😮 HP[-9]
You take 9 damage, and now have 27/43 hp.
MASSIVE DAMAGE!! (PAUSE)
You tentacle-slap the sky beast.
The sky beast completely misses you. 😮 HP[+1]
You miss the sky beast. You squeeze the sky beast.
You hear the slow rusting of a very distant drain.
The sky beast hits you. The sky beast shocks you.
* * * LOW HITPOINT WARNING * * *
😨 HP[-7]
You take 7 damage, and now have 21/43 hp.
You bludgeon the sky beast! You squeeze the sky beast.
You tentacle-slap the sky beast but do no damage.
The sky beast misses you.
Unknown command.
You barely miss the sky beast.
The sky beast hits you but does no damage. 😮 HP[+1]
You barely miss the sky beast. Your squeeze misses the sky beast.
The sky beast hits you.
* * * LOW HITPOINT WARNING * * *
The sky beast shocks you.
* * * LOW HITPOINT WARNING * * *
😨 HP[-8]
You take 8 damage, and now have 14/43 hp.
Unknown command.
You tentacle-slap the sky beast. You squeeze the sky beast.
The sky beast flickers out of sight!
Deactivating autopickup; reactivate with Ctrl-A.
Something hits you.
* * * LOW HITPOINT WARNING * * *
Something shocks you.
* * * LOW HITPOINT WARNING * * *
😱 HP[-8]
You take 8 damage, and now have 6/43 hp.
You miss something. Your squeeze misses something. Something hits you.
* * * LOW HITPOINT WARNING * * *
Something shocks you.
You die...

Skill      XL: |  1  2  3  4  5  6 |
---------------+-------------------+-----
Stealth        | 1 2 3 4 5 |  5.4
Unarmed Combat | 4 5 |  5.7
Shapeshifting  | 4 5 |  5.3
Fighting       | |  1.0
Dodging        | |  2.0

Action                     |  1- 3 |  4- 6 |  7- 9 || total
---------------------------+-------+-------+-------++-------
  Melee: Unarmed           |    47 |   124 |    21 ||   192
         Constrict         |    11 |    36 |     3 ||    50
         Punch             |     2 |     5 |       ||     7
         Tentacles         |     5 |    17 |     8 ||    30
    Use: Potion            |       |     1 |       ||     1
   Stab: Sleeping          |     5 |    14 |     1 ||    20
         Distracted        |     1 |     1 |       ||     2
 Armour: Skin              |    22 |    70 |    13 ||   105
  Dodge: Dodged            |    26 |    57 |     9 ||    92

Levels and vault maps discovered:
D:1:      co_arrival_random_square_maze, layout_loops_ring,
          hellmonk_ecumenical_altar_pennies_from_heaven
D:2:      kb_forest_paths, layout_basic, amcnicky_mini_rare_corridor_liquid,
          chequers_serial_rivers_marsh
D:3:      layout_basic, saegor_snake_ambush
D:4:      layout_rooms, uniq_eustachio
D:5:      layout_basic, dancing_weapons_uskayaw, portal_sewer_entry_f

Notes
Turn   | Place    | Note
-------+----------+-------------------------------------------
     0 | D:1      | ytrimaz the Octopode Shapeshifter began the quest for the
                  | Orb.
     0 | D:1      | Reached XP level 1. HP: 13/13 MP: 1/1
     0 | D:1      | magus.rc [v1.9.6]
   128 | D:1      | Reached skill level 1 in Stealth
   128 | D:1      | Reached XP level 2. HP: 9/18 MP: 2/2
   246 | D:1      | Reached skill level 2 in Stealth
   264 | D:1      | Reached XP level 3. HP: 23/23 MP: 3/3
   491 | D:1      | Found a faded altar of an unknown god.
   840 | D:2      | Reached XP level 4. HP: 15/28 MP: 4/4
   951 | D:2      | Reached skill level 3 in Stealth
  1820 | D:3      | You add the spells Cigotuvi's Dreadful Rot, Ignite Poison
                  | and Freezing Cloud to your library.
  1927 | D:3      | Reached skill level 4 in Unarmed Combat
  1930 | D:3      | Reached XP level 5. HP: 29/33 MP: 5/5
  2111 | D:3      | Reached skill level 4 in Shapeshifting
  2513 | D:4      | Noticed a black bear
  2515 | D:4      | Noticed a black bear
  2524 | D:4      | Killed a black bear
  2525 | D:4      | Reached skill level 4 in Stealth
  2525 | D:4      | Reached XP level 6. HP: 32/38 MP: 6/6
  2527 | D:4      | Killed a black bear
  2680 | D:4      | Reached skill level 5 in Unarmed Combat
  2908 | D:4      | Reached skill level 5 in Stealth
  2908 | D:4      | Reached skill level 5 in Shapeshifting
  2908 | D:4      | Reached XP level 7. HP: 43/43 MP: 7/7
  2996 | D:5      | Entered Level 5 of the Dungeon
  3168 | D:5      | You add the spells Sticky Flame and Ignition to your
                  | library.
  3204 | D:5      | HP: 6/43 [something (6)]
  3205 | D:5      | HP: 2/43 [something (4)]
  3205 | D:5      | Slain by a sky beast

Vanquished Creatures
  3 black bears
  An ogre (D:4)
  A howler monkey (D:3)
  A jelly (D:5)
  A hound (D:5)
  2 orc wizards (D:4)
  2 gnolls (D:1)
  2 adders
  3 worms
  A dart slug (D:2)
  12 orcs
  6 endoplasms
  2 giant cockroaches (D:1)
  6 goblins
  6 hobgoblins
  5 jackals
  10 kobolds
  4 quokkas
  8 ball pythons
  5 bats
  3 frilled lizards
  6 rats
90 creatures vanquished.

Table legend:
 A = Non-vault XP
 B = Vault XP
 C = Vault XP percentage of total XP
 D = Non-vault monster count
 E = Vault monster count
 F = Vault count percentage of total count
                 A         B        C        D         E       F
            +---------+---------+-------+---------+---------+-------
      Total |     902 |      31 |   3.3 |      81 |       9 |  10.0
            +---------+---------+-------+---------+---------+-------
        D:1 |      62 |       0 |   0.0 |      21 |       0 |   0.0
        D:2 |      44 |      14 |  24.1 |      18 |       6 |  25.0
        D:3 |     103 |      17 |  14.2 |      25 |       3 |  10.7
        D:4 |     466 |       0 |   0.0 |      12 |       0 |   0.0
        D:5 |     227 |       0 |   0.0 |       5 |       0 |   0.0
            +---------+---------+-------+---------+---------+-------

Skill      XL: |  1  2  3  4  5  6 |
---------------+-------------------+-----
Stealth        | 1 2 3 4 5 |  5.4
Unarmed Combat | 4 5 |  5.7
Shapeshifting  | 4 5 |  5.3
Fighting       | |  1.0
Dodging        | |  2.0

Action                     |  1- 3 |  4- 6 |  7- 9 || total
---------------------------+-------+-------+-------++-------
  Melee: Unarmed           |    47 |   124 |    21 ||   192
         Constrict         |    11 |    36 |     3 ||    50
         Punch             |     2 |     5 |       ||     7
         Tentacles         |     5 |    17 |     8 ||    30
    Use: Potion            |       |     1 |       ||     1
   Stab: Sleeping          |     5 |    14 |     1 ||    20
         Distracted        |     1 |     1 |       ||     2
 Armour: Skin              |    22 |    70 |    13 ||   105
  Dodge: Dodged            |    26 |    57 |     9 ||    92

Illustrated notes

Table legend:
 A = Kills in this place as a percentage of kills in the entire game.
 B = Kills by you in this place as a percentage of kills by you in the entire game.
 C = Kills by friends in this place as a percentage of kills by friends in the entire game.
 D = Other kills in this place as a percentage of other kills in the entire game.
 E = Experience gained in this place as a percentage of experience gained in the entire game.
 F = Experience gained in this place divided by the number of levels of this place that you have seen.
                   A       B       C       D       E      F
               +-------+-------+-------+-------+-------+----------------------
         Total | 100.0 | 100.0 |   N/A |   N/A | 100.0 | 186.6
       Dungeon | 100.0 | 100.0 |   N/A |   N/A | 100.0 | 186.6
               +-------+-------+-------+-------+-------+----------------------

Table legend: (Time is in decaauts)
 A = Elapsed time spent in this place.
 B = Non-inter-level travel time spent in this place.
 C = Inter-level travel time spent in this place.
 D = Time resting spent in this place.
 E = Time spent auto-exploring this place.
 F = Levels seen in this place.
 G = Mean time per level.
                   A        B        C        D        E       F      G
               +--------+--------+--------+--------+--------+-----+--------+
         Total |   3189 |   3115 |     74 |     36 |   2505 |   5 |  637.8 |
       Dungeon |   3189 |   3115 |     74 |     36 |   2505 |   5 |  637.8 |
               +--------+--------+--------+--------+--------+-----+--------+

Top non-repeatable levels by time:
     D:2: 890 daAuts
     D:1: 753 daAuts
     D:3: 742 daAuts
     D:4: 596 daAuts
     D:5: 206 daAuts
